 Dungeon Crawl Stone Soup version 0.31.0-32-g396128a36d (webtiles) character file.

Game seed: 12617198590191920568

293 Peloso the Covered (level 6, -3/53 HPs)
             Began as a Minotaur Fighter on Mar 26, 2024.
             Slain by Eustachio
             ... wielding a +0 rapier
              (6 damage)
             ... on level 4 of the Dungeon.
             The game lasted 00:04:35 (3383 turns).

Peloso the Covered (Minotaur Fighter)               Turns: 3383, Time: 00:04:35

Health: -3/53      AC:  7    Str: 20    XL:     6   Next: 11%
Magic:  5/5        EV:  9    Int:  5    God:
Gold:   200        SH:  5    Dex: 12    Spells: 5/5 levels left

rFire   . . .        c - +0 falchion (elec)
rCold   . . .        d - +0 buckler
rNeg    . . .        b - +0 scale mail
rPois   .            (helmet restricted)
rElec   .            (no cloak)
rCorr   .            (no gloves)
SInv    .            (no boots)
Will    .....        (no amulet) Stlth
                     (no ring)
HPRegen 0.28/turn    (no ring)
MPRegen 0.09/turn

%: no passive effects
@: no status effects
A: horns 2, retaliatory headbutt
a: no special abilities


You were on level 4 of the Dungeon.
You visited 1 branch of the dungeon, and saw 4 of its levels.

You collected 200 gold pieces.

Inventory:

Hand Weapons
 a - a +0 long sword
 c - a +0 falchion of electrocution (weapon)
Armour
 b - a +0 scale mail (worn)
 d - a +0 buckler (worn)
Wands
 e - a wand of iceblast (9)
Scrolls
 g - a scroll of fog {unknown}
 h - a scroll of immolation {unknown}
 j - 3 scrolls of teleportation {unknown}
 k - a scroll of noise {unknown}
 l - a scroll of revelation {unknown}
 p - a scroll of identify
Potions
 f - a potion of might
 i - 3 potions of attraction
 m - a potion of curing {unknown}
 n - a potion of lignification {unknown}
 o - 2 potions of haste


   Skills:
 + Level 4.6 Fighting
 + Level 4.9 Long Blades
 + Level 5.5 Armour
 + Level 1.1 Dodging
 + Level 0.2 Stealth
 + Level 4.5 Shields


You had 5 spell levels left.
You didn't know any spells.
Your spell library contained the following spells:

 Spells                   Type           Power      Damage    Failure   Level
 Foxfire                  Conj/Fire      0%         2x1d4     87%         1
 Animate Dead             Necr           0%         N/A       100%        4
 Borgnjor's Vile Clutch   Necr/Erth      0%         N/A       100%        5
 Death Channel            Necr           0%         N/A       100%        6
 Plasma Beam              Fire/Air       0%         2x1d10    100%        6
 Starburst                Conj/Fire      0%         6d3       100%        6


Dungeon Overview and Level Annotations

Branches:
Dungeon (4/15)
 Temple: D:4-7

Altars:
Gozag
Kikubaaqudgha
Sif Muna

Shops:
D:2 :

Annotations:
D:4 Eustachio


Innate Abilities, Weirdness & Mutations

You have a pair of horns on your head.
You reflexively headbutt those who attack you in melee.


Message History

You hit Eustachio.
Eustachio is heavily wounded.
The river rat closely misses you. Eustachio closely misses you.
You furiously retaliate!
You headbutt Eustachio. You block the white imp's attack.
Unknown command.
You barely miss Eustachio.
Eustachio is severely wounded.
The river rat bites you.
Eustachio casts a spell.
The white imp hits you but does no damage.
The river rat barely misses you.
Unknown command.
You hit Eustachio.
Eustachio is severely wounded.
Eustachio hits you with a +0 rapier.
The white imp shouts, "Leave, thou lumpish hell-hated bovine!"
The white imp gestures at you. The puff of frost hits you!
* * * LOW HITPOINT WARNING * * *
The river rat bites you.
* * * LOW HITPOINT WARNING * * *
You hit Eustachio.
Eustachio is severely wounded.
Eustachio hits you with a +0 rapier.
* * * LOW HITPOINT WARNING * * *
The quasit bites you.
* * * LOW HITPOINT WARNING * * *
You block the quasit's attack. x2
The white imp hits you but does no damage.
The river rat bites you.
* * * LOW HITPOINT WARNING * * *
Okay, then.
You barely miss Eustachio.
Eustachio is severely wounded.
The quasit closely misses you.
The quasit claws you but does no damage. x2
Eustachio hits you with a +0 rapier.
You die...
Eustachio twirls his moustache.

#########.. ##......##..
#........#.. ####
########.......#..
#...###.....##.......#..
...................(.'..
..)..........).......#..
........r...##.#######..
)..##.@5..##...##..##..
#5@..##.....##.....
#.5..#.......#.....
#........_.........
#.....#.......#.....
#.....##.....##.....
#...... #.. #......
##...... #= ...##..
#####..


You could see Eustachio, an iron imp (summoned), a quasit (summoned), a river
rat (summoned) and a white imp (summoned).

Vanquished Creatures
  2 hounds (D:4)
  Natasha (D:4)
  Ijyb (D:3)
  Terence (D:3)
  An iguana (D:4)
  An orc wizard (D:4)
  3 adders
  2 ribbon worms
  2 dart slugs
  9 orcs
  5 ball pythons
  5 endoplasms
  7 goblins
  5 hobgoblins
  5 quokkas
  5 bats
  3 frilled lizards
  7 kobolds
  A rat (D:1)
66 creatures vanquished.

Notes
Turn   | Place    | Note
-------+----------+-------------------------------------------
     0 | D:1      | Peloso the Minotaur Fighter began the quest for the Orb.
     0 | D:1      | Reached XP level 1. HP: 19/19 MP: 0/0
   330 | D:1      | Reached XP level 2. HP: 27/27 MP: 1/1
   558 | D:1      | Reached skill level 4 in Armour
  1113 | D:2      | Reached XP level 3. HP: 33/33 MP: 2/2
  1224 | D:2      | Found Cuodit's Book Boutique.
  1900 | D:3      | Noticed Terence
  1914 | D:3      | Killed Terence
  1915 | D:3      | Reached XP level 4. HP: 23/41 MP: 3/3
  2000 | D:3      | Noticed Ijyb
  2027 | D:3      | Found a shimmering blue altar of Sif Muna.
  2444 | D:3      | Killed Ijyb
  3043 | D:4      | Reached XP level 5. HP: 45/47 MP: 4/4
  3062 | D:4      | Noticed Natasha
  3066 | D:4      | Killed Natasha
  3067 | D:4      | Reached skill level 1 in Dodging
  3134 | D:4      | Found an opulent altar of Gozag.
  3214 | D:4      | Reached skill level 5 in Armour
  3288 | D:4      | Reached XP level 6. HP: 46/53 MP: 5/5
  3355 | D:4      | Found an ancient bone altar of Kikubaaqudgha.
  3355 | D:4      | Noticed Eustachio
  3383 | D:4      | Slain by Eustachio

Illustrated notes

Levels and vault maps discovered:
D:1:      lightli_arrival_windingriver, layout_basic
D:2:      layout_basic, serial_shops, shop_fountains
D:3:      layout_rooms, nicolae_sif_muna_condensation, uniq_ijyb, uniq_terence
D:4:      layout_gridville, lemuel_round_altar,
          mainiacjoe_overflow_surrounded_room, uniq_natasha, uniq_eustachio,
          uniq_edmund

Skill      XL: |  1  2  3  4  5 |
---------------+----------------+-----
Fighting       | 4 |  4.6
Armour         | 4 5 |  5.5
Shields        | 4 |  4.5
Long Blades    | 3 4 |  4.9
Dodging        | 1 |  1.1
Stealth        | |  0.2

Action                     |  1- 3 |  4- 6 || total
---------------------------+-------+-------++-------
  Melee: Long sword        |     6 |       ||     6
         Falchion          |    80 |   113 ||   193
         Headbutt          |    15 |    21 ||    36
    Use: Scroll            |     2 |       ||     2
         Potion            |       |     1 ||     1
 Armour: Scale mail        |    46 |   122 ||   168
  Dodge: Dodged            |    35 |    63 ||    98
  Block: Buckler           |    25 |    43 ||    68
